 Dungeon Crawl Stone Soup version 0.22-a0-149-g870e420 (webtiles) character file.

9664 sankara the Martial Artist (level 11, -3/91 HPs)
             Began as a Green Draconian Transmuter on Feb 7, 2018.
             Was a Priest of Makhleb.
             Slain by a red devil
             ... wielding a +0 demon trident of electrocution
              (17 damage)
             ... on level 11 of the Dungeon.
             The game lasted 01:01:24 (13224 turns).

sankara the Martial Artist (DrTm)                  Turns: 13224, Time: 01:01:25

Health: -3/91      AC: 10    Str: 12    XL:     11   Next: 26%
Magic:  14/14      EV: 16    Int: 14    God:    Makhleb [***...]
Gold:   363        SH:  0    Dex: 21    Spells: 4/14 levels left

rFire    . . .     SeeInvis .   b - +4 hunting sling (velocity)
rCold    . . .     Gourm    .   h - +1 buckler
rNeg     . . .     Faith    .   (armour unavailable)
rPois    +         Spirit   .   K - +1 hat
rElec    .         Reflect  +   F - +0 cloak {rPois}
rCorr    .         Harm     .   (no gloves)
MR       +....                  P - +0 pair of boots
Stlth    +.........             M - +4 amulet of reflection
HPRegen  0.25/turn              E - +6 ring of dexterity
MPRegen  0.14/turn              J - ring of protection from magic

@: confused
A: breathe noxious fumes, unfitting armour, poison resistance, cold-blooded, AC
+7
a: Breathe Noxious Fumes, Minor Destruction, Lesser Servant of Makhleb, Renounce
Religion


You were on level 11 of the Dungeon.
You worshipped Makhleb.
Makhleb was most pleased with you.
You were not hungry.

You visited 2 branches of the dungeon, and saw 12 of its levels.

You collected 687 gold pieces.
You spent 324 gold pieces at shops.

Inventory:

Hand Weapons
 b - a +4 hunting sling of velocity (weapon)
 d - a +0 spear of venom
 m - a +2 long sword of pain
 t - a cursed +0 whip
 y - the +6 shortbow of Terror {velocity, rElec MR+ SInv}
   (You found it on level 9 of the Dungeon)

   Any arrow fired from it inflicts extra damage.
   It insulates you from electricity.
   It affects your resistance to hostile enchantments.
   It lets you see invisible.
Missiles
 f - 245 stones
 g - a throwing net
 i - 14 sling bullets (quivered)
 o - 36 poisoned needles
 q - 5 curare-tipped needles
 O - 64 arrows
Armour
 a - a +0 shield
 h - a +1 buckler (worn)
 F - a +0 cloak of poison resistance (worn)
 K - a +1 hat (worn)
 P - a +0 pair of boots (worn)
Jewellery
 E - a +6 ring of dexterity (left hand)
 H - an uncursed ring of flight
 J - a ring of protection from magic (right hand)
 M - a +4 amulet of reflection (around neck)
Wands
 v - a wand of iceblast (11)
 x - a wand of paralysis (9)
 N - a wand of digging (36)
 U - a wand of random effects (30)
Scrolls
 e - a scroll of fear {unknown}
 n - 5 scrolls of identify
 r - a scroll of enchant armour
 s - 5 scrolls of teleportation
 u - 6 scrolls of remove curse
 w - 4 scrolls of magic mapping
 T - a scroll of amnesia
Potions
 k - a potion of brilliance
 l - 2 potions of invisibility
 p - 7 potions of curing
 A - 2 potions of heal wounds {unknown}
 B - 2 potions of agility
 C - a potion of cancellation {unknown}
 D - a potion of berserk rage {unknown}
 G - 2 potions of magic
 I - 3 potions of degeneration {unknown}
 Q - a potion of resistance {unknown}
 R - a potion of flight
 S - a potion of lignification {unknown}
Books
 L - a book of Changes

   Spells                             Type                      Level
   a - Beastly Appendage              Transmutation                1
   b - Sticks to Snakes               Transmutation                2
   c - Spider Form                    Transmutation/Poison         3
   d - Ice Form                       Ice/Transmutation            4
   e - Blade Hands                    Transmutation                5
Comestibles
 c - 15 rations
 j - a chunk of flesh


   Skills:
 + Level 6.5 Fighting
 + Level 5.6 Dodging
 - Level 4.0 Shields
 + Level 9.7 Unarmed Combat
 - Level 2.0 Spellcasting
 + Level 9.6 Transmutations
 - Level 4.2 Ice Magic
 - Level 5.2 Poison Magic
 + Level 4.3 Invocations


You had 4 spell levels left.
You knew the following spells:

 Your Spells              Type           Power        Failure   Level  Hunger
a - Beastly Appendage     Tmut           ####..       1%          1    ##.....
b - Sticks to Snakes      Tmut           ####....     1%          2    ###....
c - Spider Form           Tmut/Pois      ###.......   3%          3    ####...
d - Ice Form              Ice/Tmut       ###.....     14%         4    #####..


Dungeon Overview and Level Annotations

Branches:
Dungeon (11/15)            Temple (1/1) D:4
   Lair: D:8-11         Orc: D:9-12

Altars:
Ashenzari
Cheibriados
Dithmenos
Elyvilon
Fedhas
Gozag
Hepliaklqana
Kikubaaqudgha
Makhleb
Nemelex Xobeh
Okawaru
Qazlal
Ru
Sif Muna
Trog
Uskayaw
Vehumet
Wu Jian
Xom
Yredelemnul
Zin
The Shining One

Shops:
D:5 =%   D:7 (   D:10 [!==


Innate Abilities, Weirdness & Mutations

You can breathe blasts of noxious fumes.
Your lurid green scales are hard. (AC +7)
You cannot fit into any form of body armour.
Your system is resistant to poisons. (rPois)
You are cold-blooded and may be slowed by cold attacks.


Message History

You are too injured to fight recklessly!
You are too injured to fight recklessly!
You are too injured to fight recklessly!
You are confused.
You feel invigorated.
Your transformation has ended.
Your +4 hunting sling of velocity unmelds from your body.
Your +0 cloak of poison resistance unmelds from your body.
Your +1 hat unmelds from your body.
Your +0 pair of boots unmelds from your body.
Your +1 buckler unmelds from your body.
You feel resistant to poison.
The red devil hits you from afar with a demon trident of electrocution!
* * * LOW HITPOINT WARNING * * *
The orc hits you with a dagger.
* * * LOW HITPOINT WARNING * * *
The red devil hops backward while attacking.
The red devil hits you from afar with a demon trident of electrocution!
* * * LOW HITPOINT WARNING * * *
You are electrocuted!
You die...

§≈§§≈../...#...# #.
.5§§≈≈.....#...# #.
_≈5≈≈≈≈....#...# #+###.
554≈≈≈...(.#...# #...#.
42≈≈≈≈.....#...# ..# #...#.
≈≈≈§≈≈.....#..## ..### #...#.
§§≈≈.§..#<.'..######.... #...#=
≈..§§..o...#...)..4..... #...#.
§##...'(.4.#....@.##..#######'##.
.o....#..).#..##o)##..##..#......
......#()..#..##..##......#......
###'###....#..............#......
+..(((....#..............'......
#.##.(.#..#......).......#......
#. #..!#..#..............#......
........#########..#####......
########+# ###.###..### #######


You could see a red devil and an orc.

Vanquished Creatures
  2 two-headed ogres (D:10)
  An oklob plant (D:6)
  Maurice (D:9)
  A centaur zombie (D:11)
  A gargoyle (D:10)
  A queen bee (D:8)
  A troll (D:9)
  A hippogriff (D:9)
  Eustachio (D:6)
  2 wyverns
  A hungry ghost (D:8)
  6 ice beasts
  4 orc warriors
  4 sky beasts
  An eye of draining (D:9)
  A black bear (D:10)
  2 phantoms
  4 ogres
  A centaur (D:7)
  A crocodile (D:9)
  2 bullfrogs
  A water moccasin zombie (D:8)
  3 scorpions
  5 wights
  17 killer bees
  A howler monkey (D:9)
  5 crimson imps
  A quasit (D:7)
  5 hounds
  Crazy Yiuf (D:4)
  7 orc priests
  4 jellies (D:6)
  9 orc wizards
  2 bullfrog skeletons
  4 iguanas
  5 worker ants
  A killer bee zombie (D:6)
  A worker ant zombie (D:5)
  5 gnolls
  A howler monkey skeleton (D:4)
  11 adders
  16 oozes
  2 adder skeletons
  3 worms
  3 dart slugs
  5 leopard geckos
  38 orcs
  7 bats
  8 giant cockroaches
  3 goblins
  6 hobgoblins
  15 jackals
  4 kobolds
  3 quokkas
  3 ball pythons
  A ball python skeleton (D:4)
  2 frilled lizards
  A jackal skeleton (D:4)
  A leopard gecko skeleton (D:4)
  4 rats
253 creatures vanquished.

Vanquished Creatures (collateral kills)
  Gastronok (D:9)
  A wight (D:7)
  An iguana (D:4)
  2 gnolls (D:4)
  A worm (D:4)
  A jackal (D:4)
  A ball python (D:4)
8 creatures vanquished.

Vanquished Creatures (others)
  7 fungi (D:6)
7 creatures vanquished.

Grand Total: 268 creatures vanquished

Notes
Turn   | Place    | Note
-------+----------+-------------------------------------------
     0 | D:1      | sankara the Draconian Transmuter began the quest for the Orb.
     0 | D:1      | Reached XP level 1. HP: 16/16 MP: 3/3
   639 | D:1      | Reached XP level 2. HP: 23/23 MP: 3/5
   646 | D:1      | Learned a level 2 spell: Sticks to Snakes
   931 | D:2      | Reached skill level 1 in Shields
   931 | D:2      | Reached XP level 3. HP: 24/28 MP: 3/6
   938 | D:2      | Learned a level 3 spell: Spider Form
  1722 | D:3      | Found a glowing silver altar of Zin.
  1726 | D:3      | Found a white marble altar of Elyvilon.
  1726 | D:3      | Found a radiant altar of Vehumet.
  1739 | D:3      | Found a bloodstained altar of Trog.
  1743 | D:3      | Found a deep blue altar of Sif Muna.
  1841 | D:3      | Reached XP level 4. HP: 20/35 MP: 5/7
  2719 | D:4      | Reached skill level 1 in Poison Magic
  2816 | D:4      | Reached XP level 5. HP: 40/40 MP: 1/8
  3090 | D:4      | Noticed an ogre
  3101 | D:4      | Killed an ogre
  3336 | D:4      | Reached XP level 6. HP: 47/47 MP: 7/9
  3922 | D:4      | Found a runed door.
  3949 | D:4      | Found a staircase to the Ecumenical Temple.
  3962 | Temple   | Entered the Ecumenical Temple
  4042 | Temple   | Became a worshipper of Makhleb the Destroyer
  4356 | D:4      | Noticed Crazy Yiuf
  4363 | D:4      | Killed Crazy Yiuf
  4397 | D:5      | Entered Level 5 of the Dungeon
  4519 | D:5      | Reached skill level 5 in Unarmed Combat
  4519 | D:5      | Your scales start taking on a lurid green colour.
  4519 | D:5      | Reached XP level 7. HP: 52/52 MP: 4/10
  4519 | D:5      | Gained mutation: Your system is resistant to poisons. (rPois) [Green Draconian growth]
  4543 | D:5      | Reached skill level 5 in Transmutations
  4645 | D:5      | Found Hiced's Food Boutique.
  4928 | D:5      | Reached * piety under Makhleb
  4969 | D:5      | Found Hiutusix's Jewellery Shop.
  5386 | D:5      | Reached XP level 8. HP: 59/59 MP: 8/11
  5443 | D:5      | Learned a level 4 spell: Ice Form
  5539 | D:5      | Found an iron altar of Okawaru.
  5745 | D:5      | Bought a +4 amulet of reflection for 324 gold pieces
  5807 | D:6      | Reached skill level 1 in Ice Magic
  6156 | D:6      | Reached skill level 5 in Poison Magic
  6759 | D:6      | Noticed Eustachio
  6770 | D:6      | Killed Eustachio
  6782 | D:6      | Reached ** piety under Makhleb
  6999 | D:6      | Noticed an oklob plant
  7016 | D:6      | Reached XP level 9. HP: 51/64 MP: 8/12
  7887 | D:6      | Killed an oklob plant
  8619 | D:7      | Found Dinokaum's Antique Weapon Shoppe.
  9483 | D:8      | Reached XP level 10. HP: 60/78 MP: 11/13
 10541 | D:9      | Reached *** piety under Makhleb
 10710 | D:9      | Got a jewelled shortbow
 10711 | D:9      | Identified the +6 shortbow of Terror {velocity, rElec MR+ SInv} (You found it on level 9 of the Dungeon)
 10766 | D:9      | Reached skill level 1 in Invocations
 10841 | D:9      | Noticed Gastronok
 10868 | D:9      | Killed Gastronok
 10868 | D:9      | Reached skill level 5 in Fighting
 11117 | D:9      | Found a shadowy altar of Dithmenos.
 11117 | D:9      | Found a hazy altar of Hepliaklqana.
 11475 | D:9      | Noticed Maurice
 11498 | D:9      | Killed Maurice
 11723 | D:9      | Reached skill level 5 in Dodging
 12155 | D:9      | Found a burning altar of Makhleb.
 12155 | D:9      | Noticed a blizzard demon
 12203 | D:10     | Entered Level 10 of the Dungeon
 12221 | D:10     | Found Siahymov's Jewellery Shop.
 12241 | D:10     | Noticed a two-headed ogre
 12253 | D:10     | Killed a two-headed ogre
 12253 | D:10     | Reached XP level 11. HP: 89/89 MP: 10/14
 12408 | D:10     | Found Wyutoiqosu's Distillery.
 12595 | D:10     | Found Kochoba's Antique Armour Boutique.
 12737 | D:10     | Found a sacrificial altar of Ru.
 12799 | D:10     | Noticed a two-headed ogre
 12822 | D:10     | Found Ygiucim's Jewellery Shop.
 12825 | D:10     | Killed a two-headed ogre
 13126 | D:11     | Noticed a hell beast
 13127 | D:11     | Found a basalt altar of Yredelemnul.
 13224 | D:11     | Slain by a red devil

Vault maps used:
D:1:      elethiomel_arrival_infinity_welcomes_careful_drivers,
          serial_bayou_pond_d
D:2:      minmay_diamond_boxcup
D:3:      minmay_overflow_temple_star_hex
D:4:      minmay_temple_entry_poolview, uniq_crazy_yiuf_cottage
D:5:      serial_shops, nicolae_shop_window_shopping,
          nicolae_shop_window_shopping, first_ration, basic_altar
D:6:      lemuel_slime, sword_in_stone, uniq_eustachio
D:7:      serial_shops, nicolae_shop_trees
D:8:      david_nohive_1, nrook_mini_vaults
D:9:      gammafunk_temple_overflow_pools, makhleb_altar_promises_db,
          uniq_maurice, uniq_gastronok
D:10:     serial_shops, nicolae_shop_waterfront, shop, shop, shop, basic_altar
D:11:     david_lair_shrubbed, lemuel_hellish_altar, uniq_urug, uniq_snorg
Temple:   regret_index_temple_waves

Skill      XL: |  1  2  3  4  5  6  7  8  9 10 11 |
---------------+----------------------------------+-----
Shields        | 1 2 3 4 |  4.0
Transmutations | 3 4 5 7 8 9 |  9.6
Poison Magic   | 1 2 3 5 |  5.2
Unarmed Combat | 4 5 7 8 9 |  9.7
Ice Magic      | 3 4 |  4.2
Dodging        | 3 5 |  5.6
Fighting       | 3 6 |  6.5
Invocations    | 3 4 |  4.3
Spellcasting   | |  2.0

Action                   |  1- 3 |  4- 6 |  7- 9 | 10-12 || total
-------------------------+-------+-------+-------+-------++-------
Melee: Unarmed           |   136 |   171 |   319 |   197 ||   823
       Tailslap          |    15 |    20 |     4 |       ||    39
       Headbutt          |    13 |    32 |     5 |       ||    50
 Fire: Hunting sling     |       |       |   111 |   123 ||   234
Throw: Stone             |       |    14 |       |       ||    14
 Cast: Beastly Appendage |    29 |    27 |     4 |       ||    60
       Sticks to Snakes  |       |    36 |    10 |     4 ||    50
       Spider Form       |       |     2 |    38 |    31 ||    71
       Ice Form          |       |       |     2 |       ||     2
Invok: Minor Destruction |       |       |       |     2 ||     2
       Lesser Servant of |       |       |       |     1 ||     1
 Abil: Breathe Noxious F |       |       |       |     1 ||     1
       End Transformatio |       |       |       |     1 ||     1
Evoke: Wand              |       |       |     6 |       ||     6
  Use: Potion            |     3 |       |     3 |     1 ||     7
       Scroll            |     3 |       |    15 |     4 ||    22
 Stab: Invisible         |     4 |       |       |       ||     4
       Sleeping          |     2 |     1 |     1 |       ||     4
       Distracted        |       |     3 |     5 |       ||     8
  Eat: Chunk             |     4 |    12 |    12 |    13 ||    41
       Ration            |       |       |     3 |     1 ||     4
Armor: Skin              |    42 |    34 |    38 |     5 ||   119
Dodge: Dodged            |    93 |    87 |   241 |   172 ||   593
Block: Buckler           |    32 |    41 |    43 |    14 ||   130
       Other             |       |       |    31 |    28 ||    59
       Reflection        |       |       |     2 |       ||     2

Table legend:
 A = Spawn XP
 B = Non-spawn XP
 C = Spawn XP percentage of total XP
 D = Spawn monster count
 E = Non-spawn monster count
 F = Spawn count percentage of total count
 G = Total turns spent on level
                    A         B        C        D         E        F      G
               +---------+---------+-------+---------+---------+-------+---------
         Total |       0 |   13806 |   0.0 |       0 |     261 |   0.0 | 13224
               +---------+---------+-------+---------+---------+-------+---------
           D:1 |       0 |      24 |   0.0 |       0 |       7 |   0.0 |   655
           D:2 |       0 |      65 |   0.0 |       0 |      25 |   0.0 |  1049
           D:3 |       0 |      58 |   0.0 |       0 |      19 |   0.0 |  1006
           D:4 |       0 |     502 |   0.0 |       0 |      31 |   0.0 |  1548
           D:5 |       0 |    1160 |   0.0 |       0 |      38 |   0.0 |  1739
           D:6 |       0 |    1805 |   0.0 |       0 |      38 |   0.0 |  1778
           D:7 |       0 |    1194 |   0.0 |       0 |      23 |   0.0 |  1403
           D:8 |       0 |    1956 |   0.0 |       0 |      27 |   0.0 |  1432
           D:9 |       0 |    3589 |   0.0 |       0 |      34 |   0.0 |  1454
          D:10 |       0 |    2845 |   0.0 |       0 |      10 |   0.0 |   846
          D:11 |       0 |     608 |   0.0 |       0 |       9 |   0.0 |   175
               +---------+---------+-------+---------+---------+-------+---------
